 Dungeon Crawl Stone Soup version 0.24.1-14-gf8d2b509d9 (webtiles) character file.

Game seed: 11691126451714508761, levelgen mode: deterministic

1011 z0z0l the Cleaver (level 8, -2/69 HPs)
             Began as a Hill Orc Fighter on June 1, 2020.
             Was an Initiate of Trog.
             Slain by a gnoll
             ... wielding a +0 club
              (4 damage)
             ... on level 5 of the Dungeon.
             The game lasted 00:47:53 (6265 turns).

z0z0l the Cleaver (Hill Orc Fighter)                Turns: 6265, Time: 00:47:54

Health: -2/69      AC:  9    Str: 21    XL:     8   Next: 21%
Magic:  8/8        EV:  8    Int:  8    God:    Trog [......]
Gold:   302        SH:  9    Dex: 10    Spells: 7/7 levels left

rFire    . . .     SeeInvis .   a - +2 war axe
rCold    + + +     Gourm    .   c - +0 shield
rNeg     . . .     Faith    .   b - +2 scale mail
rPois    .         Spirit   .   (no helmet)
rElec    .         Reflect  .   J - scarf {rC+ rF+}
rCorr    .         Harm     .   (no gloves)
MR       .....                  (no boots)
Stlth    ..........             (no amulet)
HPRegen  0.21/turn              s - ring of protection from cold
MPRegen  0.11/turn              w - ring of ice

@: about to teleport, hasted, drained, very quick
A: no striking features
a: Renounce Religion


You were on level 5 of the Dungeon.
You worshipped Trog.
Trog was noncommittal.
You were not hungry.

You visited 2 branches of the dungeon, and saw 6 of its levels.

You collected 302 gold pieces.

Inventory:

Hand Weapons
 a - a +2 war axe (weapon)
 e - a +0 club
 f - a +0 spear
 q - a +0 hunting sling
 t - a +0 rapier
 v - a +0 hand axe
 A - a +0 club
 C - a +0 morningstar
 F - a +0 mace
 G - a +0 shortbow
 H - a +0 flail
 L - a +0 shortbow
Missiles
 l - 14 boomerangs
 m - 41 poisoned darts (quivered)
 r - 2 atropa-tipped darts
 z - 86 arrows
 E - 30 bolts
Armour
 b - a +2 scale mail (worn)
 c - a +0 shield (worn)
 o - a +0 leather armour
 x - a +0 scale mail
 B - a +0 cloak
 D - a +0 ring mail
 J - a scarf of resistance (worn)
Jewellery
 s - a ring of protection from cold (left hand)
 w - a ring of ice (right hand)
 y - an uncursed ring of ice
Wands
 K - a wand of flame (1)
 M - a wand of paralysis (11)
Scrolls
 i - 2 scrolls of teleportation
 n - 3 scrolls of remove curse
 I - a scroll of identify
Potions
 d - a potion of might
 g - 3 potions of flight
 h - 3 potions of haste {unknown}
 j - 3 potions of heal wounds {unknown}
 k - 4 potions of curing {unknown}
Comestibles
 u - 4 rations


   Skills:
 + Level 5.5(4.9) Fighting
 + Level 8.0(7.3) Axes
 + Level 5.6(5.0) Armour
 + Level 1.7(1.2) Dodging
 + Level 0.6(0.1) Stealth
 + Level 5.2(4.6) Shields


You had 7 spell levels left.
You didn't know any spells.
Your spell library was empty.

Dungeon Overview and Level Annotations

Branches:
Dungeon (5/15)             Temple (1/1) D:5

Altars:
Ashenzari
Dithmenos
Elyvilon
Gozag
Hepliaklqana
Kikubaaqudgha
Makhleb
Okawaru
Qazlal
Ru
Sif Muna
Trog
Vehumet
Wu Jian
Xom
Yredelemnul
Zin
The Shining One

Shops:
D:4 (

Annotations:
D:5 1 transporter, lllmatko's ghost, novice MiBe


Message History

a +2 whip of pain; a +0 robe; the ring "Tal Ofid" {*Tele rN+}; 60 gold pieces a gnoll corpse
There is an open translucent door here.
You barely miss the gnoll. You hit the gnoll. The gnoll closely misses you.
You block the gnoll's attack.
You hit the gnoll.
The gnoll is severely wounded.
You hit the gnoll. The gnoll barely misses you.
The gnoll hits you but does no damage.
As you read the scroll of teleportation, it crumbles to dust.
You feel strangely unstable. The gnoll hits you with a +0 club.
* * * LOW HITPOINT WARNING * * *
You block the gnoll sergeant's attack. You block the gnoll's attack.
Unknown command.
You slash the gnoll!
You kill the gnoll!
Trog accepts your kill.
Your base Axes skill increases to level 8!
You closely miss the gnoll. The gnoll hits you with a +0 club.
You die...

#.......................##.##...
#.#.####..##########....>.......
#...............................
#..≈≈≈≈≈≈≈≈≈≈≈...≈≈≈≈≈≈≈≈≈≈≈....
#..≈≈≈≈≈≈≈≈≈≈≈...≈≈≈≈≈≈≈≈≈≈≈....
##.≈≈#####...........#####≈≈....
#.≈≈#.8.#.###.©.###.#.8.#≈≈....
#.≈≈#.g.###.#####.###...#≈≈...#
#.≈≈###......†@g......###≈≈....
#.≈≈.8#.##'###'######.#8.≈≈....
#.≈≈.##.#...#gg8# ..#.##.≈≈....
#.≈≈.#..'.....g⌠# .'g.#.≈≈....
#.≈≈.##.#...#..8# .#g##.≈≈.#..
#.≈≈.8# ##'###'######.#8.≈≈.##.
#.≈≈###...............###≈≈....
#.≈≈#...###g#####W###.gg#≈≈....
#.≈≈#.8.#.###.©.###.#g8.#≈≈....


You could see 2 gnoll sergeants and 2 gnolls.

Vanquished Creatures
  A phantom (D:4)
  2 centaurs (D:5)
  2 howler monkeys
  A hound (D:4)
  A gnoll shaman (D:5)
  2 orc wizards
  An orc priest (D:4)
  A centaur skeleton (D:4)
  4 iguanas
  3 worker ants (D:4)
  Natasha (thrice) (D:2)
  A killer bee zombie (D:5)
  4 gnolls
  7 adders
  An adder skeleton (D:4)
  4 worms
  3 dart slugs
  5 leopard geckos
  12 orcs
  7 giant cockroaches
  11 goblins
  11 hobgoblins
  5 jackals
  5 kobolds
  2 quokkas
  3 ball pythons
  10 bats
  6 frilled lizards
  2 leopard gecko skeletons (D:5)
  8 rats
128 creatures vanquished.

Vanquished Creatures (others)
  6 plants (D:5)
6 creatures vanquished.

Grand Total: 134 creatures vanquished

Notes
Turn   | Place    | Note
-------+----------+-------------------------------------------
     0 | D:1      | z0z0l the Hill Orc Fighter began the quest for the Orb.
     0 | D:1      | Reached XP level 1. HP: 19/19 MP: 1/1
     0 | D:1      | Noticed a large abomination
     1 | D:1      | Noticed an iron dragon
     3 | D:1      | Noticed an ice dragon
    11 | D:1      | Noticed a tentacled monstrosity
    12 | D:1      | Noticed an ice dragon
    14 | D:1      | Noticed an iron dragon
    14 | D:1      | Noticed a golden dragon
    17 | D:1      | Noticed an iron dragon
    19 | D:1      | Noticed a large abomination
    19 | D:1      | Noticed a black draconian
    21 | D:1      | Noticed a tentacled monstrosity
    21 | D:1      | Noticed a tentacled monstrosity
    21 | D:1      | Noticed an ice dragon
    23 | D:1      | Noticed a shadow dragon
    23 | D:1      | Noticed a tentacled monstrosity
   151 | D:1      | Reached XP level 2. HP: 27/27 MP: 2/2
   463 | D:1      | Reached skill level 3 in Axes
   620 | D:1      | Reached XP level 3. HP: 33/33 MP: 3/3
  1464 | D:2      | Reached XP level 4. HP: 40/40 MP: 4/4
  1726 | D:2      | Noticed Natasha
  1740 | D:2      | Killed Natasha
  1740 | D:2      | Reached skill level 4 in Axes
  1948 | D:2      | Noticed Natasha
  1956 | D:2      | Killed Natasha
  1956 | D:2      | Reached skill level 1 in Dodging
  1956 | D:2      | Reached XP level 5. HP: 34/47 MP: 5/5
  2170 | D:2      | Noticed Natasha
  2183 | D:2      | Killed Natasha
  3165 | D:3      | Found a shattered altar of Ashenzari.
  3167 | D:3      | Found a stormy altar of Qazlal.
  3392 | D:3      | Reached skill level 5 in Axes
  3616 | D:4      | Noticed a phantom
  3638 | D:4      | Reached XP level 6. HP: 34/53 MP: 6/6
  3657 | D:4      | Killed a phantom
  3665 | D:4      | Reached skill level 6 in Axes
  3965 | D:4      | Reached XP level 7. HP: 60/60 MP: 7/7
  3982 | D:4      | Reached skill level 5 in Fighting
  4205 | D:4      | You fall into a shaft and drop 1 floor!
  4205 | D:5      | Entered Level 5 of the Dungeon
  4256 | D:5      | Reached skill level 7 in Axes
  4430 | D:4      | Reached skill level 5 in Armour
  4603 | D:4      | Reached skill level 5 in Shields
  4666 | D:4      | Found Riameck's Weapon Boutique.
  4950 | D:5      | Reached XP level 8. HP: 58/69 MP: 8/8
  4960 | D:5      | Found a transporter.
  4977 | D:5      | Noticed lllmatko's ghost (novice MiBe)
  5029 | D:5      | Found a transporter.
  5163 | D:5      | Found a staircase to the Ecumenical Temple.
  5200 | Temple   | Entered the Ecumenical Temple
  5564 | Temple   | Became a worshipper of Trog the Wrathful
  6007 | D:5      | Identified the ring "Tal Ofid" {*Tele rN+}
  6259 | D:5      | HP: 2/69 [gnoll/+0 club (4)]
  6264 | D:5      | HP: 2/69 [gnoll/+0 club (1)]
  6265 | D:5      | Reached skill level 8 in Axes
  6265 | D:5      | Slain by a gnoll

Levels and vault maps discovered:
D:1:      shiori_arrival_whats_in_store_for_you, layout_loops_ring
D:2:      layout_basic, uniq_natasha
D:3:      layout_basic, nicolae_overflow_hidden_temple, uniq_robin
D:4:      layout_basic, serial_shops, shop_fountains
D:5:      layout_cave_pools, temple_pool_b, first_ration,
          gammafunk_ghost_gnarly_gnolls
Temple:   nicolae_temple_elliptical

Skill      XL: |  1  2  3  4  5  6  7  8 |
---------------+-------------------------+-----
Fighting       | 4 5 |  5.5
Axes           | 3 4 5 6 7 8 |  8.0
Dodging        | 1 |  1.7
Shields        | 4 5 |  5.2
Armour         | 4 5 |  5.6
Stealth        | |  0.6

Action                   |  1- 3 |  4- 6 |  7- 9 || total
-------------------------+-------+-------+-------++-------
Melee: War axe           |   120 |   191 |   122 ||   433
  Use: Scroll            |       |     8 |     2 ||    10
  Eat: Ration            |     1 |     2 |     2 ||     5
       Chunk             |     1 |     1 |     1 ||     3
Armor: Scale mail        |    88 |   144 |    38 ||   270
Dodge: Dodged            |    68 |    73 |    53 ||   194
Block: Shield            |    81 |   128 |    91 ||   300
